 Dungeon Crawl Stone Soup version 0.22-a0-322-g60b3cfd (webtiles) character file.

104 Kairos the Shield-Bearer (level 5, 41/41 HPs)
             Began as a Human Fighter on Apr 5, 2018.
             Got out of the dungeon alive.
             The game lasted 00:02:46 (2080 turns).

Kairos the Shield-Bearer (Human Fighter)            Turns: 2080, Time: 00:02:47

Health: 41/41      AC:  6    Str: 16    XL:     5   Next: 7%
Magic:  5/5        EV:  7    Int:  9    God:
Gold:   57         SH: 10    Dex: 13    Spells: 4/4 levels left

rFire    . . .     SeeInvis .   a - +1 war axe
rCold    . . .     Gourm    .   c - +1 shield
rNeg     . . .     Faith    .   b - +0 scale mail
rPois    .         Spirit   +   (no helmet)
rElec    .         Reflect  .   (no cloak)
rCorr    .         Harm     .   (no gloves)
MR       .....                  (no boots)
Stlth    ..........             g - amulet of guardian spirit
HPRegen  0.13/turn              (no ring)
MPRegen  0.09/turn              (no ring)

@: no status effects
A: no striking features
a: no special abilities


You escaped.
You were near starving.

You visited 1 branch of the dungeon, and saw 2 of its levels.

You collected 57 gold pieces.

Inventory:

Hand Weapons
 a - a +1 war axe (weapon)
Missiles
 h - 3 javelins (quivered)
Armour
 b - a +0 scale mail (worn)
 c - a +1 shield (worn)
Jewellery
 g - an amulet of guardian spirit (around neck)
Wands
 o - a wand of random effects (28)
Scrolls
 k - a scroll of fear
 l - a scroll of remove curse
 m - a scroll of immolation
Potions
 d - 2 potions of might
 i - 2 potions of flight
Comestibles
 f - 3 rations


   Skills:
 + Level 3.4 Fighting
 + Level 2.9 Axes
 + Level 3.6 Armour
 + Level 0.5 Dodging
 + Level 0.1 Stealth
 + Level 3.9 Shields


You had 4 spell levels left.
You didn't know any spells.

Dungeon Overview and Level Annotations

Branches:
Dungeon (2/15)

Altars:


Message History

You see here 19 sling bullets.
You see here a ring mail.
There is a stone staircase leading up here.
As you read the scroll labeled YVAUCL POJERU, it crumbles to dust.
The dust glows bright copper!
It was a scroll of random uselessness.
As you read the scroll labeled BICHOAG KARINN, it crumbles to dust.
It is a scroll of identify.
i - 2 potions of flight
As you read the scroll of identify, it crumbles to dust.
k - a scroll of fear
As you read the scroll of identify, it crumbles to dust.
m - a scroll of immolation
As you read the scroll labeled NASEOT ESTUSM, it crumbles to dust.
The scroll dissolves into smoke.
It was a scroll of fog.
You climb upwards.
There is a stone staircase leading down here.
You see here a dagger.
There is a staircase leading out of the dungeon here.
Are you sure you want to leave the Dungeon?
This will make you lose the game!
You have escaped!

#.###............##.########..#
#.# #............##.# #..# #.#
###############.# #..#
###.#######...........# #...
...>......)..#.#.#.#..#########.#
....#######.#.#.#.#..............
....# #..#.#.#.#.####...###.#
....# ###.#.#.#...# #...# #.#
....# #.#.#@#.##.###...# #.#
...## ##.#.#.#.#..##...# #.# .).#
#.#.#.#.###.##...# #.# ...#
##.#.#.#.##..#..)###.# )..#
###########...(....+...'.... ...#
#..........).#####.#..=###.# ...#
#............# #.....###.#
######............## ##........#
#..........†...# #........#


There were no monsters in sight!

Vanquished Creatures
  Jessica (D:2)
  2 adders (D:2)
  An ooze (D:1)
  A worm (D:2)
  2 dart slugs
  4 leopard geckos (D:1)
  8 bats
  2 giant cockroaches (D:2)
  8 goblins
  6 hobgoblins
  A ball python (D:1)
  3 frilled lizards (D:2)
  4 kobolds
  4 rats
47 creatures vanquished.

Notes
Turn   | Place    | Note
-------+----------+-------------------------------------------
     0 | D:1      | Kairos the Human Fighter began the quest for the Orb.
     0 | D:1      | Reached XP level 1. HP: 18/18 MP: 1/1
    24 | D:1      | Reached XP level 2. HP: 17/24 MP: 2/2
   225 | D:1      | Reached XP level 3. HP: 29/29 MP: 3/3
  1013 | D:2      | Noticed Jessica
  1015 | D:2      | Killed Jessica
  1015 | D:2      | Reached XP level 4. HP: 31/35 MP: 4/4
  1349 | D:2      | Reached XP level 5. HP: 20/41 MP: 2/5
  2080 | D:$      | Got out of the dungeon alive.

Vault maps used:
D:1:      lightli_arrival_chessboard
D:2:      uniq_jessica

Action                   |  1- 3 |  4- 6 || total
-------------------------+-------+-------++-------
Melee: War axe           |    99 |    53 ||   152
  Use: Scroll            |     4 |     5 ||     9
  Eat: Chunk             |       |     2 ||     2
Armor: Scale mail        |    62 |    25 ||    87
Dodge: Dodged            |    50 |     9 ||    59
Block: Shield            |    67 |    27 ||    94

Table legend:
 A = Spawn XP
 B = Non-spawn XP
 C = Spawn XP percentage of total XP
 D = Spawn monster count
 E = Non-spawn monster count
 F = Spawn count percentage of total count
 G = Total turns spent on level
                    A         B        C        D         E        F      G
               +---------+---------+-------+---------+---------+-------+---------
         Total |       0 |     149 |   0.0 |       0 |      47 |   0.0 |  2080
               +---------+---------+-------+---------+---------+-------+---------
           D:1 |       0 |      56 |   0.0 |       0 |      27 |   0.0 |   874
           D:2 |       0 |      93 |   0.0 |       0 |      20 |   0.0 |  1206
               +---------+---------+-------+---------+---------+-------+---------
